Map: Catalyst LE

Players

SamuraiFunn

  • Race: Protoss Protoss
  • League: Platinum
  • Spawn Location: 5:00

A.I. 1 (Elite) - Winner!

  • Race: Zerg Zerg
  • Spawn Location: 11:00

VOD

Have the link to the VOD?

Description

Time

  • Played on: Nov. 26, 2017, 8:26 p.m.
  • Length: 10:59
Show
View Real Time Build Order
Export as new Build Order

SamuraiFunn Protoss 

Build Orders:  

Get SALT Encoding   

  12  0:01  Probe  
  13  0:13  Probe  
  14  0:19  Pylon  
  14  0:25  Probe  
  15  0:37  Probe (Chrono Boost)  
  15  0:41  Gateway  
  16  0:49  Probe (Chrono Boost)  
  17  0:53  Assimilator  
  17  0:55  Probe (Chrono Boost)  
  18  1:03  Probe  
  19  1:15  Probe  
  19  1:17  Gateway  
  20  1:24  Pylon  
  20  1:28  Probe  
  21  1:34  Cybernetics Core  
  21  1:40  Probe  
  21  1:47  Assimilator, Zealot  
  24  1:52  Probe  
  25  2:04  Probe  
  25  2:05  Zealot  
  28  2:13  Pylon  
  28  2:16  Probe  
  29  2:28  Probe  
  30  2:34  Nexus  
  30  2:40  Probe  
  31  2:44  Sentry  
  31  2:47  Warp Gate (Chrono Boost)  
  33  2:52  Probe  
  34  3:15  Stalker  
  36  3:31  Zealot  
  38  3:36  Probe, Twilight Council  
  39  3:49  Probe x2  
  39  3:51  Pylon  
  41  4:04  Probe x2  
  43  4:10  Pylon  
  43  4:15  Gateway  
  43  4:16  Gateway  
  43  4:18  Probe x2  
  43  4:19  Robotics Facility  
  45  4:26  Assimilator  
  45  4:29  Assimilator  
  45  4:30  Probe x2  
  47  4:41  Blink  
  47  4:42  Probe x2  
  49  4:54  Probe  
  49  4:55  Probe  
  49  4:57  Pylon  
  51  5:04  Pylon  
  51  5:10  Probe x2  
  53  5:22  Probe x2  
  53  5:25  Stalker x4  
  63  5:31  Pylon  
  63  5:35  Probe x2  
  65  5:48  Nexus  
  65  6:02  Probe  
  65  6:03  Probe  
  67  6:14  Stalker x2  
  67  6:15  Stalker x2  
  75  6:20  Observer  
  75  6:25  Probe x2  
  78  6:32  Pylon  
  78  6:33  Pylon  
  78  6:35  Pylon  
  78  6:37  Assimilator  
  78  6:39  Probe x2  
  80  6:41  Assimilator  
  80  6:42  Observer  
  81  6:51  Probe x2  
  83  6:55  Sentry x2, Stalker  
  83  6:56  Sentry  
  91  7:02  Probe  
  91  7:03  Probe x2  
  94  7:14  Probe, Observer  
  96  7:15  Probe  
  96  7:16  Probe  
  98  7:25  Robotics Facility  
  98  7:26  Robotics Facility, Probe  
  98  7:28  Probe x2  
  101  7:31  Stalker x3  
  101  7:35  Observer  
  108  7:52  Pylon  
  108  7:55  Gateway  
  108  7:58  Gateway  
  108  7:59  Probe x2  
  108  8:01  Probe  
  111  8:13  Probe x2  
  89  9:15  Stalker x3  
  89  9:16  Stalker  
  73  9:38  Stalker x2  
  69  9:45  Stalker x4  
  74  9:50  Immortal x2 (Chrono Boost)  
  84  10:00  Immortal (Chrono Boost)  
  77  10:08  Stalker x2  
  77  10:09  Stalker x3  
  77  10:10  Stalker  
  50  10:42  Stalker  
  50  10:43  Stalker x3  
  50  10:44  Stalker  
Show
View Real Time Build Order
Export as new Build Order

A.I. 1 (Elite) Zerg - Winner!

Build Orders: Pool First, Lurkers 

Get SALT Encoding   

  12  0:00  Drone  
  13  0:12  Overlord  
  13  0:17  Drone  
  14  0:31  Drone x2  
  14  0:34  Drone  
  17  0:47  Spawning Pool  
  17  0:50  Drone  
  17  1:12  Hatchery  
  17  1:16  Drone  
  17  1:19  Extractor  
  17  1:22  Drone  
  17  1:25  Extractor  
  16  1:29  Drone  
  17  1:33  Drone  
  17  1:38  Drone  
  19  1:49  Overlord  
  19  2:00  Queen  
  21  2:05  Zergling x2  
  22  2:11  Drone  
  23  2:26  Queen  
  25  2:34  Drone  
  26  2:38  Drone  
  26  2:42  Drone  
  28  2:46  Drone  
  29  3:00  Roach Warren  
  29  3:03  Drone  
  29  3:05  Drone  
  30  3:09  Zergling x2  
  30  3:11  Zergling x2  
  32  3:19  Overlord  
  32  3:22  Drone  
  32  3:24  Drone  
  34  3:40  Roach  
  34  3:41  Roach  
  38  3:42  Roach  
  38  3:43  Roach  
  42  3:49  Lair  
  42  3:53  Overlord  
  42  3:59  Overlord  
  42  4:02  Zergling x2  
  43  4:04  Zergling x2  
  44  4:12  Zergling x2, Drone x2  
  44  4:14  Drone  
  48  4:17  Drone  
  48  4:19  Drone  
  48  4:24  Overlord  
  50  4:28  Roach  
  52  4:32  Roach  
  52  4:36  Roach  
  56  4:38  Roach  
  56  4:42  Overlord  
  58  4:48  Drone  
  58  4:49  Hydralisk Den  
  58  4:50  Drone  
  58  4:52  Drone  
  60  4:56  Roach  
  60  4:59  Roach  
  64  5:05  Drone  
  65  5:08  Drone  
  65  5:11  Overlord  
  65  5:13  Drone  
  67  5:15  Drone  
  67  5:17  Drone  
  67  5:19  Drone  
  67  5:20  Hydralisk  
  72  5:23  Hydralisk  
  72  5:26  Hydralisk  
  76  5:30  Overlord  
  76  5:33  Hydralisk  
  78  5:36  Drone  
  78  5:37  Drone  
  78  5:39  Drone  
  78  5:40  Drone  
  78  5:42  Drone  
  83  5:44  Drone  
  83  5:48  Drone, Overlord  
  85  5:53  Hydralisk  
  85  5:56  Hydralisk  
  89  6:04  Metabolic Boost  
  89  6:06  Evolution Chamber  
  89  6:08  Drone  
  89  6:10  Overlord  
  89  6:16  Hatchery  
  88  6:22  Drone  
  89  6:29  Ravager x2  
  89  6:30  Evolution Chamber  
  89  6:32  Zerg Missile Weapons Level 1  
  90  6:34  Lurker Den  
  90  6:35  Drone  
  90  6:37  Drone  
  91  6:41  Drone, Evolution Chamber  
  91  6:49  Drone, Extractor  
  91  6:51  Extractor  
  91  6:52  Drone  
  91  6:53  Roach  
  93  6:55  Zerg Ground Armor Level 1  
  93  6:57  Roach, Overlord  
  95  7:05  Hydralisk  
  95  7:06  Zerg Melee Weapons Level 1  
  97  7:11  Drone  
  97  7:14  Drone x2  
  97  7:15  Drone  
  101  7:16  Overseer  
  101  7:20  Hydralisk, Spine Crawler, Overlord  
  101  7:21  Drone  
  103  7:28  Drone x3, Spine Crawler  
  103  7:29  Drone x4  
  109  7:30  Drone  
  109  7:31  Drone  
  109  7:34  Drone  
  112  7:38  Drone  
  112  7:40  Drone  
  112  7:41  Overlord  
  114  7:46  Glial Reconstitution  
  114  7:47  Drone  
  114  7:49  Drone  
  114  7:50  Drone  
  117  7:52  Drone x2  
  117  7:54  Drone  
  117  7:55  Drone  
  117  7:56  Drone  
  117  7:57  Drone  
  122  8:00  Overlord  
  122  8:03  Drone, Lurker  
  122  8:04  Drone  
  125  8:08  Pneumatized Carapace  
  125  8:10  Hydralisk  
  127  8:13  Spore Crawler  
  127  8:14  Drone  
  127  8:15  Drone, Spore Crawler  
  127  8:22  Spine Crawler, Overlord  
  127  8:23  Drone  
  127  8:24  Drone, Infestation Pit  
  127  8:36  Queen  
  127  8:37  Extractor  
  127  8:38  Drone  
  129  8:44  Extractor  
  129  8:46  Hydralisk, Lurker  
  131  8:52  Zergling x4, Overlord  
  131  8:53  Zergling x6  
  131  8:54  Zergling x2  
  136  8:59  Zergling x4, Drone  
  136  9:00  Zergling x2, Drone  
  136  9:01  Spine Crawler, Hatchery  
  136  9:02  Zergling x2, Hive  
  134  9:05  Roach  
  134  9:06  Drone  
  134  9:08  Drone  
  130  9:15  Roach  
  130  9:16  Drone  
  120  9:19  Roach  
  120  9:22  Hydralisk, Roach  
  120  9:23  Roach  
  124  9:26  Roach  
  124  9:28  Roach  
  124  9:29  Roach x2  
  124  9:30  Roach, Ravager  
  131  9:32  Hydralisk  
  131  9:37  Roach  
  131  9:38  Hydralisk  
  135  9:41  Hydralisk  
  139  9:50  Spine Crawler  
  139  9:52  Spine Crawler  
  137  9:57  Zergling x2  
  135  10:03  Queen  
  137  10:07  Lurker  
  137  10:08  Hydralisk  
  137  10:13  Drone  
  142  10:14  Drone  
  142  10:16  Hydralisk, Lurker  
  145  10:21  Zergling x2  
  145  10:22  Zergling x2  
  145  10:23  Zergling x2, Extractor  
  145  10:24  Drone  
  145  10:25  Zergling x2  
  145  10:26  Zergling x2  
  145  10:27  Extractor  
  145  10:28  Drone  
  145  10:29  Hatchery  
  145  10:30  Drone, Roach, Spore Crawler  
  145  10:31  Drone, Roach  
  145  10:32  Roach, Spore Crawler  
  145  10:33  Drone, Roach x2  
  145  10:34  Spine Crawler  
  145  10:35  Drone, Roach  
  145  10:39  Roach  
Tags
 
Composition
Lurkers
League
Platinum
Matchup
PvZ
Opening
Pool First
Replay Pack
First 100 games
Spawn Locations
Cross Positions
Add a new tag
Caveats
  • Supply blocks, unpowered buildings, or Contaminate may cause inaccurate times.
  • Supply counts are checked every 10 seconds.